 Dungeon Crawl Stone Soup version 0.31-a0-867-g9b2fd80f0c (webtiles) character file.

Game seed: 2518590950781015387

6811 BinkBink the Nimble (level 11, -2/67 HPs)
             Began as a Tengu Gladiator on Oct 11, 2023.
             Was a Believer of Dithmenos.
             Slain by an orc wizard
             ... wielding a +4 dagger
              (6 damage)
             ... on level 9 of the Dungeon.
             The game lasted 00:23:16 (9609 turns).

BinkBink the Nimble (Tengu Gladiator)               Turns: 9609, Time: 00:23:17

Health: -2/67      AC:  6    Str: 15    XL:     11   Next: 5%
Magic:  12/12      EV: 48    Int:  9    God:    Dithmenos [**....]
Gold:   606        SH:  0    Dex: 19    Spells: 10/10 levels left

rFire   + + .        H - +2 short sword (speed)
rCold   . . .        m - +2 buckler
rNeg    . . .        y - +2 robe of Imperfection {rF++}
rPois   .            c - +0 hat
rElec   .            i - +0 cloak
rCorr   .            u - +0 pair of gloves
SInv    .            (boots unavailable)
Will    .....        v - amulet of reflection
Stlth   +            j - +5 ring of evasion
HPRegen 0.31/turn    w - +5 ring of evasion
MPRegen 0.13/turn

%: reflection, acrobat
@: confused, acrobatic, flying, wreathed by umbra
A: beak, talons 3, evasive flight, acrobatic
a: Renounce Religion, Shadow Step


You were on level 9 of the Dungeon.
You worshipped Dithmenos.
Dithmenos was pleased with you.
You visited 2 branches of the dungeon, and saw 10 of its levels.
You also visited: Sewer.

You collected 606 gold pieces.

Inventory:

Hand Weapons
 a - a +0 rapier
 F - a +6 dagger
 H - a +2 short sword of speed (weapon)
Missiles
 d - 3 throwing nets (quivered)
 e - 7 javelins
Armour
 b - a +0 leather armour
 c - a +0 hat (worn)
 i - a +0 cloak (worn)
 m - a +2 buckler (worn)
 u - a +0 pair of gloves (worn)
 y - the +2 robe of Imperfection (worn) {rF++}
   (You found it on level 7 of the Dungeon)

   rF++:      It greatly protects you from fire.
 B - a +2 leather armour of cold resistance
 I - +0 steam dragon scales
Jewellery
 j - a +5 ring of evasion (left hand)
 k - a +4 ring of protection
 v - an amulet of reflection (around neck)
 w - a +5 ring of evasion (right hand)
Wands
 o - a wand of flame (35)
 G - a wand of roots (6)
 J - a wand of charming (5)
Scrolls
 f - 6 scrolls of teleportation
 g - a scroll of fear
 p - 2 scrolls of blinking
 q - a scroll of amnesia
 C - 2 scrolls of immolation
 K - a scroll of poison {unknown}
 L - a scroll of identify
Potions
 h - 2 potions of lignification
 l - 3 potions of curing
 n - a potion of degeneration {unknown}
 r - a potion of invisibility {unknown}
 s - 2 potions of resistance
 t - 2 potions of haste
 x - a potion of attraction {unknown}
 z - 3 potions of heal wounds
 A - a potion of mutation {unknown}
 D - a potion of brilliance {unknown}
 E - a potion of enlightenment {unknown}


   Skills:
 + Level 7.3 Fighting
 * Level 11.5 Short Blades
 - Level 2.0 Throwing
 * Level 11.5 Dodging
 + Level 4.3 Shields


You had 10 spell levels left.
You didn't know any spells.
Your spell library contained the following spells:

 Spells                   Type           Power      Damage    Failure   Level
 Kiss of Death            Conj/Necr      0%         2d5       45%         1
 Shock                    Conj/Air       0%         1d3       45%         1
 Sting                    Tmut/Pois      0%         1d3       45%         1
 Lesser Beckoning         Tloc           0%         N/A       61%         2
 Poisonous Vapours        Pois/Air       0%         N/A       61%         2
 Confusing Touch          Hex            0%         N/A       83%         3
 Gell's Gravitas          Tloc           0%         N/A       83%         3
 Ozocubu's Armour         Ice            0%         N/A       83%         3
 Swiftness                Air            0%         N/A       83%         3
 Teleport Other           Tloc           0%         N/A       83%         3
 Tukima's Dance           Hex            0%         N/A       83%         3
 Airstrike                Air            0%         2d(0-16)  99%         4
 Dimensional Bullseye     Hex/Tloc       0%         N/A       99%         4
 Dispel Undead            Necr           0%         3d6       99%         4
 Iskenderun's Mystic Bla  Conj/Tloc      0%         2d3       99%         4
 Olgreb's Toxic Radiance  Pois           0%         N/A       99%         4
 Metabolic Englaciation   Hex/Ice        0%         N/A       100%        5
 Dispersal                Tloc           0%         N/A       100%        6
 Simulacrum               Ice/Necr       0%         N/A       100%        6


Dungeon Overview and Level Annotations

Branches:
Dungeon (9/15)             Temple (1/1) D:6            Lair (0/5) D:8
    Orc (0/2) D:9           Sewer (visited)

Altars:
Ashenzari
Cheibriados
Dithmenos
Elyvilon
Gozag
Hepliaklqana
Kikubaaqudgha
Makhleb
Okawaru
Sif Muna
Trog
Uskayaw
Vehumet
Wu Jian
Yredelemnul
Zin
The Shining One

Shops:
D:5 ?:

Annotations:
D:4 exclusion: statue
D:6 3 runed translucent doors, Gladio's ghost, novice MfSh
D:7 2 transporters, 1 runed translucent door


Innate Abilities, Weirdness & Mutations

You have a beak for a mouth.
You have claws for feet.
Your magical flight helps you evade attacks. (EV +4)
You can magically evade attacks while moving or waiting.


Message History

You hit the orc warrior but do no damage.
You claw the orc warrior.
The orc warrior is almost dead.
You hit the orc warrior.
You claw the orc warrior, but do no damage.
You peck the orc warrior, but do no damage.
The orc warrior is almost dead.
You block the orc warrior's attack.
You hit the orc warrior but do no damage.
The orc warrior is almost dead.
The orc priest calls upon Beogh to heal the orc warrior.
The orc warrior is healed somewhat.
You hit the orc warrior.
The orc warrior is almost dead.
The orc priest mumbles some strange prayers to Beogh against you.
Beogh smites you!
The orc warrior attacks as it pursues you!
The orc warrior completely misses you.
The orc priest invokes the aid of Beogh against you.
Beogh smites you!
The orc priest invokes the aid of Beogh against you.
Something writhes in agony!
You hear some strange, mumbled words.
You are confused.
You hit the orc warrior. Your peck misses the orc warrior.
The orc warrior is almost dead.
The orc warrior misses you.
Things that are here:
a +0 orcbow; a centaur corpse You bump into the rock wall.
The orc warrior closely misses you.
The orc priest mumbles some strange prayers to Beogh against you.
Beogh smites you!
* * * LOW HITPOINT WARNING * * *
The orc warrior hits you with a +0 long sword!
* * * LOW HITPOINT WARNING * * *
You hit the orc warrior but do no damage.
The orc warrior is almost dead.
You are too confused!
Something hits you.
You die...

#.#.....##.....##...
#.#.....##..........
...##.#.....##..........
...'..'.....''..........
...##.#....o##..!.......
#)#..o..##.........# #
#.#.{...###........#
##..###.#.......#....#####
..>.....)o@.............###
#############.##...........#.....
.........)).))##...........#.....
################......#....#.....
########....#..... # #.O..... ...
#.z{..o ...o.####.#.#'#
...ooz.o....#.#


You could see an orc warrior and 2 orc priests.

Vanquished Creatures
  Erolcha (D:9)
  A hornet (D:8)
  Prince Ribbit (D:5)
  5 yaks (D:9)
  A wyvern (D:6)
  2 wraiths
  A steam dragon (D:8)
  A water moccasin (D:9)
  2 orc warriors
  A sky beast (D:7)
  3 black bears (D:6)
  3 ice beasts (D:5)
  2 centaurs (D:9)
  4 kobold brigands
  A bullfrog (D:8)
  5 scorpions
  14 wights
  11 killer bees
  4 howler monkeys (D:7)
  6 crimson imps (D:7)
  6 hounds
  2 gnoll boudas
  2 orc priests
  7 iguanas
  2 sleepcaps
  Natasha (thrice) (D:2)
  5 orc wizards
  Robin (D:3)
  13 gnolls
  11 adders
  5 river rats (Sewer)
  A shadow imp (D:7)
  3 white imps (D:7)
  3 ufetubi
  2 worms (Sewer)
  4 dart slugs
  19 orcs
  11 ball pythons
  8 endoplasms
  6 giant cockroaches
  15 goblins
  5 hobgoblins
  3 jackals (D:1)
  5 quokkas
  12 bats
  5 frilled lizards
  20 kobolds
  15 rats
263 creatures vanquished.

Notes
Turn   | Place    | Note
-------+----------+-------------------------------------------
     0 | D:1      | BinkBink the Tengu Gladiator began the quest for the Orb.
     0 | D:1      | Reached XP level 1. HP: 12/12 MP: 2/2
    49 | D:1      | Reached XP level 2. HP: 8/17 MP: 3/3
   220 | D:1      | Reached XP level 3. HP: 21/21 MP: 4/4
   319 | D:1      | You fall into a shaft and drop 1 floor!
   328 | D:2      | Noticed Natasha
   417 | D:1      | Found a faded altar of an unknown god.
   680 | D:2      | Reached XP level 4. HP: 15/27 MP: 5/5
   850 | D:2      | Killed Natasha
   911 | D:2      | Noticed Natasha
   921 | D:2      | Killed Natasha
   922 | D:2      | Reached XP level 5. HP: 26/32 MP: 6/6
   937 | D:2      | Noticed Natasha
   949 | D:2      | Killed Natasha
  1327 | D:3      | Reached skill level 5 in Short Blades
  1327 | D:3      | Reached skill level 5 in Dodging
  1505 | D:3      | Reached XP level 6. HP: 37/37 MP: 7/7
  1835 | D:3      | Noticed Robin
  1876 | D:3      | Killed Robin
  2529 | D:4      | Gained mutation: Your magical flight helps you evade
                  | attacks. (EV +4) [Tengu growth]
  2529 | D:4      | Reached XP level 7. HP: 30/41 MP: 8/8
  2700 | D:4      | Found a radiant altar of Vehumet.
  2715 | D:4      | Found a glowing drain.
  2724 | Sewer    | Entered a sewer
  3528 | D:4      | Found a burning altar of Makhleb.
  4058 | D:5      | Entered Level 5 of the Dungeon
  4069 | D:5      | Reached XP level 8. HP: 35/48 MP: 9/9
  4329 | D:5      | Found an ornate altar of the Wu Jian Council.
  4426 | D:5      | Found Hekeb's Self-Improvement Boutique.
  4477 | D:5      | Found Zothriwu's Magic Scroll Shop.
  4978 | D:5      | Found a glowing silver altar of Zin.
  5108 | D:5      | Noticed Prince Ribbit
  5132 | D:5      | Killed Prince Ribbit
  5133 | D:5      | Reached skill level 5 in Fighting
  5259 | D:5      | Found a basalt altar of Yredelemnul.
  5581 | D:6      | Reached XP level 9. HP: 53/54 MP: 10/10
  5836 | D:6      | Found a staircase to the Ecumenical Temple.
  5853 | Temple   | Entered the Ecumenical Temple
  6109 | D:6      | Found a runed translucent gate.
  6110 | D:6      | Found a runed translucent gate.
  6110 | D:6      | Found a runed translucent gate.
  6113 | D:6      | Noticed Gladio's ghost (novice MfSh)
  6604 | D:7      | Reached skill level 1 in Shields
  7118 | D:7      | Identified the +2 robe of Imperfection {rF++}
  7240 | D:7      | Found a transporter.
  7246 | D:7      | Found a transporter.
  7274 | D:7      | Reached skill level 10 in Dodging
  7285 | D:7      | Found an iron altar of Okawaru.
  7285 | D:7      | Found a runed translucent door.
  7294 | D:7      | Reached XP level 10. HP: 60/60 MP: 11/11
  7410 | D:7      | Found the +0 toga "Victory" {*Victory Clar}
  7505 | D:8      | Reached skill level 10 in Short Blades
  7785 | D:8      | Found a staircase to the Lair.
  7796 | D:8      | Found a shadowy altar of Dithmenos.
  7803 | D:8      | Became a worshipper of Dithmenos the Shadowed
  8515 | D:8      | Reached * piety under Dithmenos
  8596 | D:9      | Noticed Erolcha
  8766 | D:9      | Found a staircase to the Orcish Mines.
  8817 | D:9      | Noticed a purple ugly thing
  9495 | D:9      | Killed Erolcha
  9496 | D:9      | Reached XP level 11. HP: 61/67 MP: 12/12
  9520 | D:9      | Reached ** piety under Dithmenos
  9607 | D:9      | HP: 3/67 [orc warrior/+0 long sword (10)]
  9609 | D:9      | Slain by an orc wizard

Illustrated notes

Levels and vault maps discovered:
D:1:      ebering_trefoil_3fold, layout_rooms,
          ebering_ecumenical_altar_sacrificial
D:2:      layout_rooms, uniq_natasha
D:3:      layout_basic, corexii_shack, uniq_robin
D:4:      layout_layer_cave, vehumet_statue,
          mainiacjoe_overflow_surrounded_room, portal_sewer_entry_a
D:5:      layout_basic, mainiacjoe_overflow_six_doors_small,
          mainiacjoe_overflow_alcove_4, marbit_many_paths, serial_shops,
          shop_statue, nrook_mini_vaults, nicolae_shop_self_help,
          uniq_prince_ribbit1
D:6:      layout_loops_ring, minmay_temple_entry_wispy,
          gammafunk_ghost_necromancy
D:7:      gammafunk_beogh_shrine, layout_basic,
          nicolae_overflow_guarded_unrand_okawaru_victory, minmay_nine_imps
D:8:      layout_basic, grunt_dithmenos_smoke, lair_entry_dummy
D:9:      minmay_clustersquares, layout_basic, uniq_erolcha, uniq_maurice
Temple:   jpeg_temple_alley_garden

Skill      XL: |  1  2  3  4  5  6  7  8  9 10 |
---------------+-------------------------------+-----
Dodging        | 4 5 7 8 10 11 | 11.5
Short Blades   | 4 5 6 8 9 11 | 11.5
Fighting       | 3 4 5 6 7 |  7.3
Shields        | 2 4 |  4.3
Throwing       | |  2.0

Action                     |  1- 3 |  4- 6 |  7- 9 | 10-12 || total
---------------------------+-------+-------+-------+-------++-------
  Melee: Rapier            |    85 |   213 |   495 |    63 ||   856
         Kick              |    18 |    56 |   178 |   155 ||   407
         Peck              |     9 |    38 |    95 |   116 ||   258
         Punch             |       |     2 |     5 |       ||     7
         Short sword       |       |       |       |   353 ||   353
    Use: Scroll            |       |       |    10 |     2 ||    12
         Potion            |       |       |     1 |       ||     1
   Stab: Sleeping          |     1 |     2 |     2 |     1 ||     6
 Armour: Leather armour    |    43 |    72 |    57 |       ||   172
         Robe              |       |       |     1 |    30 ||    31
  Dodge: Dodged            |    94 |   212 |   352 |   141 ||   799
  Block: Other             |       |       |    28 |       ||    28
         Buckler           |       |       |    90 |   130 ||   220
         Reflection        |       |       |     2 |     3 ||     5

Table legend: (Time is in decaauts)
 A = Elapsed time spent in this place.
 B = Non-inter-level travel time spent in this place.
 C = Inter-level travel time spent in this place.
 D = Time resting spent in this place.
 E = Time spent auto-exploring this place.
 F = Levels seen in this place.
 G = Mean time per level.
                   A        B        C        D        E       F      G
               +--------+--------+--------+--------+--------+-----+--------+
         Total |   9293 |   8708 |    585 |    695 |   5775 |  11 |  844.8 |
       Dungeon |   8548 |   8095 |    453 |    695 |   5352 |   9 |  949.8 |
        Temple |    132 |      0 |    132 |      0 |      0 |   1 |  132.0 |
         Sewer |    612 |    612 |      0 |      0 |    423 |   1 |  612.0 |
               +--------+--------+--------+--------+--------+-----+--------+

Top non-repeatable levels by time:
     D:8: 1372 daAuts
     D:5: 1311 daAuts
     D:4: 1304 daAuts
     D:6: 1001 daAuts
     D:3: 958 daAuts
     D:7: 741 daAuts
     D:1: 647 daAuts
     D:2: 647 daAuts
   Sewer: 612 daAuts
     D:9: 563 daAuts
  Temple: 132 daAuts
